 Dungeon Crawl Stone Soup version 0.30.1-3-gfc49f6343a (webtiles) character file.

Game seed: 5529704852634512247

41 Atelerd the Digger (level 3, -2/31 HPs)
             Began as an Octopode Earth Elementalist on July 31, 2023.
             Slain by a kobold
             ... wielding a +0 club
              (3 damage)
             ... on level 2 of the Dungeon.
             The game lasted 00:00:47 (1274 turns).

Atelerd the Digger (Octopode Earth Elementalist)    Turns: 1274, Time: 00:00:47

Health: -2/31      AC: 21    Str:  7    XL:     3   Next: 52%
Magic:  5/7        EV:  2    Int: 17    God:
Gold:   46         SH:  0    Dex: 14    Spells: 6/7 levels left

rFire   . . .        c - +0 long sword
rCold   . . .        (no shield)
rNeg    . . .        (helmet currently unavailable)
rPois   +            (no amulet)
rElec   .            (no ring)
rCorr   .            (no ring)
SInv    .            (no ring)
Will    .....        (no ring)
Stlth   ++           (no ring)
HPRegen 0.25/turn    (no ring)
MPRegen 0.10/turn    (no ring)
                     (no ring)

%: no passive effects
@: brilliant, lethally poisoned (-2 -> -5), tree-form, invisible
A: stationary, stasis, torment immunity, boosted hp, almost no armour,
(amphibious), 8 rings, (camouflage 1), (gelatinous body 1), (nimble swimmer 1),
(tentacles)
a: no special abilities


You were on level 2 of the Dungeon.
You were a tree.
You visited 1 branch of the dungeon, and saw 2 of its levels.

You collected 67 gold pieces.
You spent 21 gold pieces at shops.

Inventory:

Hand Weapons
 c - a +0 long sword (weapon)
Scrolls
 b - a scroll of immolation {unknown}
 d - a scroll of noise {unknown}
 h - 2 scrolls of teleportation {unknown}
Potions
 a - a potion of magic
 f - a potion of heal wounds {unknown}
 g - a potion of brilliance
 j - a potion of curing {unknown}


   Skills:
 + Level 0.2 Fighting
 + Level 0.2 Long Blades
 - Level 2.0 Dodging
 - Level 2.6 Stealth
 + Level 2.9 Spellcasting
 + Level 1.0 Transmutations
 + Level 3.5 Earth Magic


You had 6 spell levels left.
You knew the following spells:

 Your Spells              Type           Power      Damage    Failure   Level
a - Sandblast             Erth           44%        2d11      4%          1

Your spell library contained the following spells:

 Spells                   Type           Power      Damage    Failure   Level
 Passwall                 Tmut/Erth      12%        N/A       11%         2
 Apportation              Tloc           6%         N/A       19%         1
 Necrotise                Necr           12%        1d4       19%         1
 Summon Small Mammal      Summ           12%        N/A       19%         1
 Stone Arrow              Conj/Erth      24%        3d8       26%         3
 Petrify                  Tmut/Erth      15%        N/A       56%         4


Dungeon Overview and Level Annotations

Branches:
Dungeon (2/15)

Altars:

Shops:
D:1 *


Innate Abilities, Weirdness & Mutations

You are a tree.
Your roots penetrate the ground, keeping you stationary.
You cannot be teleported.
You are immune to unholy pain and torment.
Your maximum health is greatly increased.
You cannot wear most types of armour.
((You are amphibious.))
You can wear up to eight rings at the same time.
((Your skin changes colour to match your surroundings (Stealth+).))
((Your rubbery body absorbs attacks. (AC +1, EV +1)))
((You are camouflaged when in or above water. (Stealth+)))
((You have tentacles for arms and can constrict up to eight enemies at once.))


Message History

You feel sick. The adder bites you but does no damage. The adder bites you.
You are lethally poisoned!
The adder poisons you!
You are too injured to fight recklessly!
You are too injured to fight recklessly!
You are too injured to fight recklessly!
There is a lethal amount of poison in your body!
You are too injured to fight recklessly!
You are too injured to fight recklessly!
There is a lethal amount of poison in your body!
You are too injured to fight recklessly!
You are too injured to fight recklessly!
There is a lethal amount of poison in your body!
You are too injured to fight recklessly!
You are too injured to fight recklessly!
Casting: Sandblast (safe; 4% risk of failure)
Confirm with . or Enter, or press ? or * to list all spells.
Aiming: Sandblast (safe; 4% risk of failure)
Press: ? - help, Shift-Dir - straight line, f/p - adder
Aim: an adder (severely wounded, 70% to hit)
The blast of sand hits the adder!
You kill the adder!
* * * LOW HITPOINT WARNING * * *
You feel very sick. The kobold hits you with a +0 club.
* * * LOW HITPOINT WARNING * * *
The kobold barely misses you.
It was a potion of invisibility.
You fade into invisibility!
* * * LOW HITPOINT WARNING * * *
You feel sick. The kobold closely misses you.
It was a potion of brilliance.
You feel clever all of a sudden.
* * * LOW HITPOINT WARNING * * *
You feel sick. The kobold closely misses you.
It was a potion of lignification.
You turn into a tree.
Your roots penetrate the ground.
* * * LOW HITPOINT WARNING * * *
You feel sick. The kobold hits you with a +0 club.
You die...

#. #.##.####...#
#.##.##...### . #
#.......### :.#.
#####.### ....###
####..# ..#....
#....##
.......#####(####
......K...##.#
##...♣†.#..#
#..........##
..#..##...###
##.....>#
#.....)#
..##.#.## # #...#
..### ...


You could see a kobold (unable to see you).

Vanquished Creatures
  An adder (D:2)
  A dart slug (D:1)
  2 ball pythons (D:1)
  2 endoplasms
  2 giant cockroaches (D:1)
  A goblin (D:1)
  8 hobgoblins
  2 kobolds (D:1)
  A quokka (D:1)
  4 bats
  A frilled lizard (D:2)
25 creatures vanquished.

Notes
Turn   | Place    | Note
-------+----------+-------------------------------------------
     0 | D:1      | Atelerd the Octopode Earth Elementalist began the quest for
                  | the Orb.
     0 | D:1      | Reached XP level 1. HP: 11/11 MP: 3/3
   403 | D:1      | Reached XP level 2. HP: 13/17 MP: 0/5
   689 | D:1      | Reached XP level 3. HP: 15/21 MP: 2/7
   905 | D:1      | Found Weci's Assorted Antiques.
   908 | D:1      | Bought a black potion for 21 gold pieces
   941 | D:1      | Found a faded altar of an unknown god.
  1273 | D:2      | HP: 1/21 [poisoned by an adder]
  1274 | D:2      | Slain by a kobold

Illustrated notes

Levels and vault maps discovered:
D:1:      psy_arrival_heroes, layout_basic, basic_ecumenical_altar,
          serial_shops, nicolae_shop_tiny_real_fake_doors
D:2:      layout_basic, minmay_pentomino_pile

Action                     || total
---------------------------++-------
  Melee: Long sword        ||    17
         Constrict         ||     6
         Tentacles         ||     2
         Unarmed           ||     1
   Cast: Sandblast         ||    31
    Use: Potion            ||     3
 Armour: Skin              ||     3
  Dodge: Dodged            ||    32
